 Dungeon Crawl Stone Soup version 0.31-a0-1300-gb6740aa4e6 (webtiles) character file.

Game seed: 10317591058433607560

338 timneilson the Covered (level 6, -12/46 (53) HPs)
             Began as a Minotaur Fighter on Dec 18, 2023.
             Killed by nerve-wracking pain
             ... invoked by an orc priest
              (14 damage)
             ... on level 5 of the Dungeon.
             The game lasted 00:05:25 (3149 turns).

timneilson the Covered (Minotaur Fighter)           Turns: 3149, Time: 00:05:27

HP:   -12/46 (53)   AC: 10    Str: 20    XL:     6   Next: 29%
MP:   5/5           EV: 15    Int:  5    God:
Gold: 274           SH:  5    Dex: 12    Spells: 5/5 levels left

rFire   . . .        a - +0 long sword
rCold   . . .        c - +0 buckler
rNeg    . . .        b - +0 scale mail
rPois   .            (helmet restricted)
rElec   .            (no cloak)
rCorr   +            s - +2 pair of gloves {Stlth+}
SInv    .            (no boots)
Will    .....        (no amulet)
Stlth   +            k - +5 ring of evasion
HPRegen 0.27/turn    g - ring of resist corrosion
MPRegen 0.09/turn

%: no passive effects
@: heavily drained
A: horns 2, retaliatory headbutt
a: no special abilities


You were on level 5 of the Dungeon.
You visited 1 branch of the dungeon, and saw 5 of its levels.

You collected 274 gold pieces.

Inventory:

Hand Weapons
 a - a +0 long sword (weapon)
Armour
 b - a +0 scale mail (worn)
 c - a +0 buckler (worn)
 i - +0 fire dragon scales
 s - a +2 pair of gloves of stealth (worn)
Jewellery
 f - a ring of flight
 g - a ring of resist corrosion (right hand)
 k - a +5 ring of evasion (left hand)
Scrolls
 e - 2 scrolls of vulnerability
 n - 2 scrolls of amnesia
 o - 2 scrolls of teleportation
 q - 2 scrolls of silence
Potions
 d - a potion of might
 h - a potion of brilliance
 j - 2 potions of mutation
 l - a potion of magic
 m - a potion of lignification
 p - a potion of attraction {unknown}
 r - a potion of cancellation {unknown}
 u - a potion of haste {unknown}
 v - a potion of curing {unknown}


   Skills:
 + Level 4.5 Fighting
 * Level 4.4 Long Blades
 * Level 5.3 Armour
 + Level 2.1 Dodging
 * Level 5.3 Shields


You had 5 spell levels left.
You didn't know any spells.
Your spell library contained the following spells:

 Spells                   Type           Power      Damage    Failure   Level
 Slow                     Hex            0%         N/A       87%         1
 Confusing Touch          Hex            0%         N/A       99%         3
 Sigil of Binding         Hex            0%         N/A       99%         3
 Vampiric Draining        Necr           0%         2d6       99%         3
 Leda's Liquefaction      Tmut/Erth      0%         N/A       100%        4
 Lee's Rapid Deconstruct  Erth           0%         3d4*      100%        5
 Bombard                  Conj/Erth      0%         9d1       100%        6


Dungeon Overview and Level Annotations

Branches:
Dungeon (5/15)
 Temple: D:4-7

Altars:
Elyvilon
Fedhas
Uskayaw


Innate Abilities, Weirdness & Mutations

You have a pair of horns on your head.
You reflexively headbutt those who attack you in melee.


Message History

The centaur unwields a +1 shortbow of draining.
The centaur hits the bush but does no damage.
The centaur kicks the bush but does no damage.
The centaur hits the bush but does no damage.
The centaur kicks the bush.
You aren't carrying any items that you can evoke.
You hit the bush.
You headbutt the bush, but do no damage.
The bush is lightly damaged.
Something bites the bush but does no damage.
The centaur hits the bush but does no damage.
The centaur kicks the bush but does no damage.
An adder comes into view.
The centaur wields a +1 shortbow of draining.
You sense an unholy aura.
The centaur shoots an arrow.
The arrow closely misses you.
The centaur shoots an arrow.
The arrow hits you!
You feel drained.
You hear a shout!
An orc priest comes into view. It is wielding a +1 war axe of flaming.
The orc priest shouts!
You hear a shout!
The centaur shoots an arrow.
The arrow hits you.
* * * LOW HITPOINT WARNING * * *
You feel drained.
* * * LOW HITPOINT WARNING * * *
The orc priest calls down the wrath of Beogh upon you.
Pain shoots through your body!
* * * LOW HITPOINT WARNING * * *
You block the adder's attack.
You closely miss the adder. Your headbutt misses the adder.
The centaur unwields a +1 shortbow of draining.
The centaur hits the bush but does no damage.
The centaur kicks the bush but does no damage.
The adder bites you but does no damage.
The centaur wields a +1 shortbow of draining.
You sense an unholy aura.
The centaur shoots an arrow.
The arrow barely misses you. The adder barely misses you.
You furiously retaliate!
You headbutt the adder!
The orc priest invokes the aid of Beogh against you.
Pain shoots through your body!
You die... ## ..### ##. .. .. ##..
PP.

.. #...PPP o
#.#PP_PP.#
#.#P.PcP.#
#..P.PPP.##.##
###.†..@S.....#
#.....#........
###..............
##.....#..........
#.....##..........
#.................
#8~~~~.....(......
#≈≈~≈~~...........
#8.8.≈~~.......


You could see a centaur, an orc priest and an adder.

Vanquished Creatures
  2 scorpions (D:5)
  A hound (D:4)
  2 iguanas (D:4)
  4 gnolls (D:4)
  An adder (D:2)
  2 dart slugs
  9 orcs
  9 ball pythons
  2 bats (D:1)
  5 endoplasms
  6 giant cockroaches
  7 goblins
  9 hobgoblins
  2 quokkas
  2 frilled lizards
  4 kobolds
  6 rats
73 creatures vanquished.

Notes
Turn   | Place    | Note
-------+----------+-------------------------------------------
     0 | D:1      | timneilson the Minotaur Fighter began the quest for the
                  | Orb.
     0 | D:1      | Reached XP level 1. HP: 19/19 MP: 0/0
   255 | D:1      | Reached XP level 2. HP: 27/27 MP: 1/1
   859 | D:2      | Reached XP level 3. HP: 33/33 MP: 2/2
  1550 | D:2      | Found a hide-covered altar of Uskayaw.
  1669 | D:3      | Found a white marble altar of Elyvilon.
  1878 | D:3      | Reached skill level 1 in Dodging
  2253 | D:4      | Reached XP level 4. HP: 29/40 MP: 3/3
  2518 | D:4      | Reached XP level 5. HP: 6/46 MP: 4/4
  2894 | D:4      | Reached skill level 5 in Armour
  3060 | D:5      | Entered Level 5 of the Dungeon
  3060 | D:5      | Noticed an ogre
  3098 | D:5      | Reached skill level 5 in Shields
  3098 | D:5      | Reached XP level 6. HP: 53/53 MP: 5/5
  3139 | D:5      | Found a blossoming altar of Fedhas.
  3148 | D:5      | HP: 1/46 [orc priest/nerve-wracking pain (11)]
  3149 | D:5      | Killed from afar by an orc priest

Illustrated notes

Levels and vault maps discovered:
D:1:      sevenhm_arrival_forest_fort_large_4, layout_loops_cross,
          minmay_pentomino_q2
D:2:      layout_basic, basic_altar
D:3:      layout_loops_ring, mainiacjoe_overflow_boulevard,
          chequers_serial_rivers_marsh
D:4:      layout_cave_pools
D:5:      layout_cave_pools, fedhas_bush_and_centaur_altar,
          minmay_temple_entry_fiery, serial_column_ruins, column_ruins_grid_3,
          column_ruins_columns_straight, column_ruins_grid_1,
          column_ruins_grid_3, column_ruins_corridor_water,
          serial_library_hellmonk_small_corner, patterned_corridor

Skill      XL: |  1  2  3  4  5  6 |
---------------+-------------------+-----
Armour         | 4 5 |  5.3
Shields        | 4 5 |  5.3
Long Blades    | 3 4 |  4.4
Dodging        | 1 2 |  2.1
Fighting       | 4 |  4.5

Action                     |  1- 3 |  4- 6 || total
---------------------------+-------+-------++-------
  Melee: Long sword        |   116 |    79 ||   195
         Headbutt          |    10 |    15 ||    25
    Use: Scroll            |     8 |     3 ||    11
         Potion            |       |     1 ||     1
   Stab: Invisible         |       |     1 ||     1
 Armour: Scale mail        |    75 |    65 ||   140
  Dodge: Dodged            |    41 |    58 ||    99
  Block: Buckler           |    20 |    29 ||    49

Table legend: (Time is in decaauts)
 A = Elapsed time spent in this place.
 B = Non-inter-level travel time spent in this place.
 C = Inter-level travel time spent in this place.
 D = Time resting spent in this place.
 E = Time spent auto-exploring this place.
 F = Levels seen in this place.
 G = Mean time per level.
                   A        B        C        D        E       F      G
               +--------+--------+--------+--------+--------+-----+--------+
         Total |   3199 |   3103 |     96 |     55 |   2358 |   5 |  639.8 |
       Dungeon |   3199 |   3103 |     96 |     55 |   2358 |   5 |  639.8 |
               +--------+--------+--------+--------+--------+-----+--------+

Top non-repeatable levels by time:
     D:4: 871 daAuts
     D:1: 845 daAuts
     D:2: 806 daAuts
     D:3: 612 daAuts
     D:5: 63 daAuts
